 Dungeon Crawl Stone Soup version 0.29-a0-352-g0917bc69df (webtiles) character file.

Game seed: 6291067817054400604

127 Enlil the Vexing (level 4, -1/30 HPs)
             Began as a Vampire Enchanter on Apr 24, 2022.
             Succumbed to an adder's poison
             ... on level 3 of the Dungeon.
             The game lasted 00:14:54 (2441 turns).

Enlil the Vexing (Vampire Enchanter)                Turns: 2441, Time: 00:14:54

Health: -1/30      AC:  5    Str:  6 (9)  XL:     4   Next: 85%
Magic:  7/7        EV: 26    Int: 17      God:
Gold:   123        SH:  0    Dex: 12 (14) Spells: 2/7 levels left

rFire   + . .      SeeInvis +   a - +1 dagger
rCold   . . .      Faith    .   (no shield)
rNeg    . . .      Spirit   .   e - +2 leather armour {rF+}
rPois   .          Reflect  .   (no helmet)
rElec   .          Harm     .   (no cloak)
rCorr   .          Rampage  .   (no gloves)
Will    .....                   (no boots)
Stlth   +++.......              f - amulet of the acrobat
HPRegen 0.30/turn               (no ring)
MPRegen 0.10/turn               (no ring)

@: lethally poisoned (-1 -> -6), acrobatic, healing quickly
A: alive, fangs 3, see invisible, vampiric 2
a: Exsanguinate


You were on level 3 of the Dungeon.
You visited 1 branch of the dungeon, and saw 3 of its levels.

You collected 123 gold pieces.

Inventory:

Hand Weapons
 a - a +1 dagger (weapon)
Armour
 b - a +0 robe
 e - a +2 leather armour of fire resistance (worn)
Magical Staves
 k - a staff of fire
Jewellery
 f - an amulet of the acrobat (around neck)
Wands
 j - a wand of paralysis (9)
Scrolls
 h - a scroll of silence {unknown}
 i - a scroll of teleportation
Potions
 c - 3 potions of invisibility
 g - a potion of lignification
 l - a potion of might


   Skills:
 + Level 2.0 Short Blades
 + Level 1.0 Armour
 + Level 2.9 Dodging
 + Level 5.2 Stealth
 + Level 2.4 Spellcasting
 + Level 5.3 Hexes
 + Level 1.6 Transmutations


You had 2 spell levels left.
You knew the following spells:

 Your Spells              Type           Power      Damage    Failure   Level
a - Passwall              Tmut/Erth      3%         N/A       30%         2
b - Confusing Touch       Hex            20%        N/A       10%         3

Your spell library contained the following spells:

 Spells                   Type           Power      Damage    Failure   Level
 Ensorcelled Hibernation  Hex/Ice        22%        N/A       14%         2
 Sandblast                Erth           4%         2d4       28%         1
 Tukima's Dance           Hex            20%        N/A       10%         3
 Dazzling Flash           Conj/Hex       22%        N/A       28%         3
 Stone Arrow              Conj/Erth      4%         3d7       65%         3


Dungeon Overview and Level Annotations

Branches:
Dungeon (3/15)

Altars:
Yredelemnul


Innate Abilities, Weirdness & Mutations

Your natural rate of healing is accelerated.
You have razor-sharp teeth.
You have supernaturally acute eyesight. (SInv)
You are afflicted with vampirism and can become a bat while bloodless.


Message History

The adder is lightly wounded.
The adder closely misses you. The adder misses you.
You closely miss the adder.
The adder is lightly wounded.
The adder closely misses you.
You hit the adder.
The adder is heavily wounded.
The adder completely misses you.
You miss the adder.
The adder is heavily wounded.
The adder bites you.
You are poisoned.
The adder poisons you!
You hit the adder but do no damage.
The adder is heavily wounded.
You feel sick. The adder barely misses you.
You hit the adder.
The adder is heavily wounded.
You feel sick. The adder barely misses you. The adder completely misses you.
You closely miss the adder. Your bite misses the adder.
The adder is heavily wounded.
You feel sick. The adder misses you.
You hit the adder but do no damage.
The adder is heavily wounded.
You feel sick. The adder bites you.
* * * LOW HITPOINT WARNING * * *
You are lethally poisoned!
The adder poisons you!
Okay, then.
* * * LOW HITPOINT WARNING * * *
You feel sick.
* * * LOW HITPOINT WARNING * * *
You feel sick. The adder misses you.
* * * LOW HITPOINT WARNING * * *
You feel sick. The adder attacks as you move away! The adder bites you.
* * * LOW HITPOINT WARNING * * *
You are more poisoned.
The adder poisons you!
You die...

..#.##..#.†#..###
.#.##...##.###..#
#.##..#.
#..#..###
.##...##
##.###..# ##..#
#..†...# ####
#####.## #.#S# #
#...##.# #...@..#
########


You could see an adder.

Vanquished Creatures
  4 adders
  3 worms (D:2)
  A dart slug (D:1)
  An orc (D:3)
  4 bats
  4 endoplasms
  A giant cockroach (D:1)
  12 goblins
  12 hobgoblins
  2 jackals (D:1)
  7 kobolds
  3 quokkas
  12 ball pythons
  4 frilled lizards
  7 rats
77 creatures vanquished.

Notes
Turn   | Place    | Note
-------+----------+-------------------------------------------
     0 | D:1      | Enlil the Vampire Enchanter began the quest for the Orb.
     0 | D:1      | Reached XP level 1. HP: 13/13 MP: 3/3
   147 | D:1      | Reached XP level 2. HP: 10/19 MP: 5/5
   152 | D:1      | Learned a level 2 spell: Passwall
   397 | D:1      | Gained mutation: You are afflicted with vampirism and can
                  | become a bat while bloodless. [Vampire growth]
   397 | D:1      | Reached XP level 3. HP: 23/24 MP: 6/6
   558 | D:1      | Learned a level 3 spell: Confusing Touch
   975 | D:2      | Reached skill level 5 in Stealth
   975 | D:2      | Reached skill level 1 in Transmutations
  1114 | D:2      | Reached skill level 5 in Hexes
  1121 | D:2      | Reached XP level 4. HP: 24/30 MP: 3/7
  1159 | D:2      | Found a basalt altar of Yredelemnul.
  1656 | D:2      | Reached skill level 1 in Armour
  2441 | D:3      | HP: 1/30 [adder (1)]
  2441 | D:3      | Succumbed to an adder's poison

Illustrated notes

Levels and vault maps discovered:
D:1:      dpeg_arrival_tiny_c, layout_loops_ring, minmay_tromino_i4
D:2:      layout_loops_cross, basic_altar, minmay_goblin_outpost
D:3:      minmay_razor_zed, layout_loops_ring, chei_slow_surprise,
          gammafunk_ghost_cemetery

Skill      XL: |  1  2  3  4 |
---------------+-------------+-----
Stealth        | 5 |  5.2
Transmutations | 1 |  1.6
Hexes          | 5 |  5.3
Short Blades   | 2 |  2.0
Armour         | 1 |  1.0
Dodging        | |  2.9
Spellcasting   | |  2.4

Action                   |  1- 3 |  4- 6 || total
-------------------------+-------+-------++-------
Melee: Dagger            |   151 |   146 ||   297
       Bite              |    11 |    11 ||    22
       Punch             |     2 |       ||     2
       Staff             |       |    13 ||    13
 Cast: Confusing Touch   |     2 |     5 ||     7
  Use: Scroll            |     2 |     4 ||     6
       Potion            |     1 |     8 ||     9
 Stab: Sleeping          |     5 |     4 ||     9
       Confused          |     2 |     4 ||     6
Armor: Robe              |     2 |       ||     2
       Leather armour    |    27 |    44 ||    71
Dodge: Dodged            |    86 |   119 ||   205

Table legend: (Time is in decaauts)
 A = Elapsed time spent in this place.
 B = Non-inter-level travel time spent in this place.
 C = Inter-level travel time spent in this place.
 D = Time resting spent in this place.
 E = Time spent auto-exploring this place.
 F = Levels seen in this place.
 G = Mean time per level.
                   A        B        C        D        E       F      G
               +--------+--------+--------+--------+--------+-----+--------+
         Total |   2440 |   2392 |     48 |    304 |   1103 |   3 |  813.3 |
       Dungeon |   2440 |   2392 |     48 |    304 |   1103 |   3 |  813.3 |
               +--------+--------+--------+--------+--------+-----+--------+

Top non-repeatable levels by time:
     D:2: 1120 daAuts
     D:1: 955 daAuts
     D:3: 364 daAuts
